 Dungeon Crawl Stone Soup version 0.19.5 (webtiles) character file.

9527 ratzo the Fighter (level 11, -27/102 HPs)
             Began as a Minotaur Berserker on Feb 13, 2017.
             Was a High Priest of Trog.
             Annihilated by an ettin
             ... wielding a +0 dire flail
              (35 damage)
             ... on level 10 of the Dungeon on Mar 2, 2017.
             The game lasted 02:08:34 (10713 turns).

ratzo the Fighter (Minotaur Berserker)             Turns: 10713, Time: 02:08:35

Health: -27/102    AC: 19    Str: 26    XL:     11   Next: 24%
Magic:  0/10       EV: 16    Int:  4    God:    Trog [*****.]
Gold:   223        SH:  0    Dex: 11    Spells: 0 memorised, 10 levels left

rFire  . . .     SeeInvis .     M - +0 battleaxe
rCold  . . .     Gourm    .     U - +0 plate armour
rNeg   . . .     Faith    .     (shield currently unavailable)
rPois  .         Spirit   +     (helmet restricted)
rElec  .         Reflect  .     v - +0 cloak
rCorr  +         Harm     .     s - +0 pair of gloves
MR     .....                    J - +0 pair of boots
Stlth  ..........               P - amulet of guardian spirit
                                Y - +4 ring of evasion
                                m - ring of resist corrosion

@: no status effects
A: retaliatory headbutt, horns 2, strong 1
a: Berserk, Trog's Hand, Brothers in Arms, Burn Spellbooks, Renounce Religion


You were on level 10 of the Dungeon.
You worshipped Trog.
Trog was extremely pleased with you.
You were not hungry.

You visited 2 branches of the dungeon, and saw 11 of its levels.

You collected 496 gold pieces.
You spent 273 gold pieces at shops.

Inventory:

Hand Weapons
 w - a +6 antimagic rapier
 D - the +11 dagger of Xochinih {drain, +Fly, unknown}
   (You found it on level 5 of the Dungeon)

   A truly terrible weapon, it drains the life of those it strikes.
   It lets you fly.
 I - the +6 whip "Bidoec" {slash, Fragile +Inv SInv, unknown}
   (You found it on level 5 of the Dungeon)

   It inflicts extra damage upon your enemies.
   It lets you see invisible.
   It lets you turn invisible.
   It will be destroyed if unequipped.
 M - a +0 battleaxe (weapon)
 R - a +0 shortbow of freezing
 S - a +0 mace of draining
 V - a cursed +0 dagger
 Z - a cursed -2 spear
Missiles
 l - 112 bolts
Armour
 a - +0 mottled dragon scales
 s - a +0 pair of gloves (worn)
 v - a +0 cloak (worn)
 y - a +0 ring mail
 J - a +0 pair of boots (worn)
 N - a +1 scale mail of fire resistance
 U - a +0 plate armour (worn)
Jewellery
 m - a ring of resist corrosion (left hand)
 P - an amulet of guardian spirit (around neck)
 T - an uncursed amulet of the gourmand
 Y - a +4 ring of evasion (right hand)
Wands
 b - a wand of random effects (9/48)
 p - a wand of flame (8/48)
 u - a wand of slowing (32/48)
 E - a wand of paralysis (18/24)
 L - a wand of polymorph (24/24)
 Q - a wand of digging (13/24)
Scrolls
 e - 3 scrolls of amnesia
 f - a scroll of recharging
 o - a scroll of immolation
 r - a scroll of remove curse
 t - 4 scrolls of magic mapping
 B - a scroll of enchant weapon {unknown}
 K - a scroll of enchant armour {unknown}
 X - a scroll of blinking
Potions
 d - 3 potions of ambrosia
 g - a potion of flight {unknown}
 h - 2 potions of agility
 i - 3 potions of magic (quivered)
 j - a potion of degeneration
 k - 3 potions of haste
 q - a potion of lignification
 x - a potion of heal wounds
 z - a potion of cancellation {unknown}
 A - a potion of brilliance {unknown}
 C - 2 potions of mutation {unknown}
 G - 3 potions of might
 H - a potion of invisibility {unknown}
 W - 4 potions of curing
Comestibles
 c - 7 bread rations
 n - 2 royal jellies
 F - 4 meat rations
 O - 4 beef jerkies


   Skills:
 + Level 11.1 Fighting
 + Level 11.0 Axes
 + Level 10.7 Armour
 + Level 9.9 Dodging


You had 10 spell levels left.
You didn't know any spells.

Dungeon Overview and Level Annotations

Branches:
Dungeon (10/15)            Temple (0/1) D:5            Lair (0/6) D:8
    Orc (1/2) D:10

Altars:
Cheibriados
Elyvilon
Makhleb
The Shining One

Shops:
D:10 !


Innate Abilities, Weirdness & Mutations

You reflexively headbutt those who attack you in melee.
You have a pair of horns on your head.
Your muscles are strong. (Str +2)


Message History

The ettin hits you but does no damage. The ettin hits you with a dire flail!!!
* * * LOW HITPOINT WARNING * * *
The orc priest completely misses you.
You feel much better. The ettin misses you. You furiously retaliate!
You headbutt the ettin. The ettin misses you.
The orc priest closely misses you.
You can't go down here!
The ettin hits you but does no damage. The ettin hits you with a dire flail.
The orc priest hits you but does no damage.
You climb upwards.
Welcome back to the Dungeon!
There is a staircase to the Orcish Mines here.
Okay, then.
Press: ? - help, v - describe, . - travel A staircase to the Orcish Mines.
Unknown command.
Okay, then.
You feel better. The ettin hits you with a dire flail!!!
* * * LOW HITPOINT WARNING * * *
The ettin hits you with a dire flail!!
You die...

#..........###)# #.#
#.##.........[.# #.#
#######.##...........####.#####
.>..)))#....#.................#
#######.######.....#.####..##.#
#.# #.....8.....###..##.#
#.###................##.#
#.#...............#...#.#
#.#..8....@....8..[.....# #
#.#......o.C.....##.....# ##
#...#...........###.##..# .##
###.#.....8.....# #.##..# #.#
#.####.....######.##..# .## #.#
###..............# ## #.#
#####.#.##.##.## # #.#
####.#.##.##.# #.#
#.........##.#


You could see an ettin and an orc priest.

Vanquished Creatures
  A hill giant (D:10)
  Pikel (D:9)
  A centaur zombie (D:10)
  Maurice (D:10)
  Psyche (D:10)
  A redback zombie (D:10)
  A hornet (D:10)
  A hippogriff (D:8)
  Grinder (D:6)
  A wraith (D:10)
  A wyvern (D:8)
  8 yaks (D:9)
  Sigmund (D:3)
  A mottled dragon (D:10)
  A warg (Orc:1)
  A water moccasin (D:9)
  Duvessa (D:6)
  A sky beast (D:9)
  A hornet zombie (D:6)
  3 phantoms
  6 orc warriors
  4 ice beasts
  6 ogres
  An eye of draining (D:9)
  2 centaurs (D:8)
  A necrophage (D:9)
  2 big kobolds
  4 bullfrogs
  Dowan (D:6)
  6 killer bees (D:9)
  3 wights (D:8)
  A howler monkey (D:7)
  A bullfrog zombie (D:6)
  4 crimson imps
  A quasit (D:9)
  2 centaur skeletons
  16 orc wizards
  7 hounds
  A gnoll shaman (D:8)
  4 iguanas
  Crazy Yiuf (D:2)
  8 worker ants
  A hound skeleton (D:4)
  2 hound zombies
  A mummy (D:4)
  Robin (D:3)
  5 gnolls (D:8)
  12 adders
  5 shadow imps
  An adder skeleton (D:9)
  An adder zombie (D:5)
  2 worms
  3 dart slugs
  2 leopard geckos
  63 orcs
  A ball python (D:3)
  6 giant cockroaches
  16 goblins
  10 hobgoblins
  10 jackals
  4 quokkas
  8 bats
  4 frilled lizards
  2 jackal skeletons (D:4)
  17 kobolds
  A quokka skeleton (D:8)
  6 rats
295 creatures vanquished.

Vanquished Creatures (others)
  A jelly (D:9)
1 creature vanquished.

Grand Total: 296 creatures vanquished

Notes
Turn   | Place    | Note
-------+----------+-------------------------------------------
     0 | D:1      | ratzo the Minotaur Berserker began the quest for the Orb.
     0 | D:1      | Reached XP level 1. HP: 19/19 MP: 0/0
   271 | D:1      | Reached XP level 2. HP: 27/27 MP: 1/1
   378 | D:1      | Reached ** piety under Trog
   645 | D:2      | Found a white marble altar of Elyvilon.
   745 | D:2      | Reached XP level 3. HP: 33/33 MP: 2/2
  1056 | D:2      | Gained mutation: Your muscles are strong. (Str +2) [potion of beneficial mutation]
  1399 | D:2      | Found a runed door.
  1543 | D:2      | Noticed Crazy Yiuf
  1551 | D:2      | Killed Crazy Yiuf
  2020 | D:3      | Reached XP level 4. HP: 40/40 MP: 3/3
  2310 | D:3      | Reached skill level 5 in Axes
  2312 | D:3      | Reached XP level 5. HP: 27/47 MP: 4/4
  2766 | D:3      | Reached *** piety under Trog
  2778 | D:3      | Noticed Robin
  2788 | D:3      | Killed Robin
  2979 | D:3      | Noticed Sigmund
  2986 | D:3      | Killed Sigmund
  2986 | D:3      | Reached skill level 5 in Fighting
  2986 | D:3      | Reached XP level 6. HP: 36/56 MP: 5/5
  3702 | D:4      | Found a snail-covered altar of Cheibriados.
  3778 | D:4      | Reached XP level 7. HP: 61/61 MP: 6/6
  3973 | D:5      | Entered Level 5 of the Dungeon
  3987 | D:5      | Got a bloodstained whip
  4027 | D:5      | Found a glowing golden altar of the Shining One.
  4235 | D:5      | Got a steaming dagger
  4358 | D:5      | Found a staircase to the Ecumenical Temple.
  4365 | D:5      | Reached skill level 5 in Armour
  4390 | D:5      | Upgraded the game from 0.19.4-8-ga85b6b9 to 0.19.4-12-gccf7e64
  4534 | D:5      | Reached skill level 5 in Dodging
  4733 | D:6      | Noticed Grinder
  4786 | D:6      | Noticed Duvessa
  4786 | D:6      | Noticed Dowan
  4849 | D:6      | Paralysed by Grinder for 6 turns
  5033 | D:6      | Killed Grinder
  5033 | D:6      | Reached XP level 8. HP: 71/71 MP: 7/7
  5097 | D:6      | Reached **** piety under Trog
  5476 | D:6      | Killed Duvessa
  5490 | D:6      | Killed Dowan
  6432 | D:7      | Reached XP level 9. HP: 43/81 MP: 2/8
  6877 | D:7      | Reached ***** piety under Trog
  7613 | D:8      | Upgraded the game from 0.19.4-12-gccf7e64 to 0.19.4-25-g1b72edd
  7832 | D:8      | Found a staircase to the Lair.
  8094 | D:8      | Found a burning altar of Makhleb.
  8225 | D:9      | Reached XP level 10. HP: 74/91 MP: 7/9
  8458 | D:9      | Received a gift from Trog
  8483 | D:9      | Reached skill level 10 in Axes
  8523 | D:10     | Entered Level 10 of the Dungeon
  8806 | D:10     | Reached skill level 10 in Fighting
  8908 | D:9      | Noticed Pikel
  8935 | D:9      | Killed Pikel
  8935 | D:9      | Reached skill level 10 in Armour
  9083 | D:9      | Received a gift from Trog
  9682 | D:10     | Noticed Maurice
  9701 | D:10     | Killed Maurice
  9701 | D:10     | Reached XP level 11. HP: 97/101 MP: 3/10
  9867 | D:10     | Noticed a hill giant
  9882 | D:10     | Killed a hill giant
  9907 | D:10     | Found a staircase to the Orcish Mines.
 10218 | D:10     | Noticed Psyche
 10226 | D:10     | Killed Psyche
 10283 | D:10     | Found Neaf's Distillery.
 10291 | D:10     | Bought a potion of might for 52 gold pieces
 10291 | D:10     | Bought a potion of heal wounds for 65 gold pieces
 10291 | D:10     | Bought a potion of curing for 39 gold pieces
 10291 | D:10     | Bought a potion of curing for 39 gold pieces
 10291 | D:10     | Bought a potion of curing for 39 gold pieces
 10291 | D:10     | Bought a potion of curing for 39 gold pieces
 10647 | D:10     | Upgraded the game from 0.19.4-25-g1b72edd to 0.19.5
 10699 | Orc:1    | Entered Level 1 of the Orcish Mines
 10699 | Orc:1    | Noticed an ettin
 10708 | Orc:1    | Received a gift from Trog
 10713 | D:10     | Annihilated by an ettin

Skill      XL: |  1  2  3  4  5  6  7  8  9 10 11 |
---------------+----------------------------------+-----
Axes           | 4 5 6 7 8 9 10 11 | 11.0
Fighting       | 4 5 6 7 9 10 11 | 11.1
Armour         | 3 4 5 7 8 10 | 10.7
Dodging        | 3 4 5 6 8 9 |  9.9

Action                   |  1- 3 |  4- 6 |  7- 9 | 10-12 || total
-------------------------+-------+-------+-------+-------++-------
Melee: Hand axe          |    55 |   156 |   398 |   140 ||   749
       Headbutt          |     9 |    27 |    85 |    54 ||   175
       Unarmed           |       |       |     3 |       ||     3
       Rapier            |       |       |       |    97 ||    97
       Mace              |       |       |       |    10 ||    10
       Battleaxe         |       |       |       |     8 ||     8
Invok: Berserk           |       |       |     3 |     3 ||     6
       Burn Spellbooks   |       |       |       |     1 ||     1
  Use: Scroll            |     7 |       |    10 |     7 ||    24
       Potion            |     1 |       |     4 |     7 ||    12
  Eat: Bread ration      |     1 |     1 |     2 |     1 ||     5
       Chunk             |       |     1 |     2 |       ||     3
       Beef jerky        |       |     1 |     2 |     2 ||     5
       Pizza             |       |       |     1 |       ||     1
       Meat ration       |       |       |       |     1 ||     1
Armor: Animal skin       |     6 |    24 |       |       ||    30
       Ring mail         |       |    31 |    20 |       ||    51
       Plate armour      |       |       |   148 |   152 ||   300
Dodge: Dodged            |    43 |    79 |   206 |   242 ||   570
